 Dungeon Crawl Stone Soup version 0.17-a0-854-g4a4ba72 (webtiles) character file.

106593 oplop the Eclecticist (level 15, -17/79 HPs)
             Began as a Spriggan Enchanter on Apr 28, 2015.
             Was the Champion of Ashenzari.
             Killed from afar by a thorn hunter (28 damage)
             ... with a volley of thorns
             ... on level 3 of the Swamp.
             The game lasted 02:23:59 (35505 turns).

oplop the Eclecticist (Spriggan Enchanter)         Turns: 35505, Time: 02:23:59

Health: -17/79     AC: 14    Str: 11      XL:     15   Next: 98%
Magic:  20/35      EV: 35    Int: 23 (24) God:    Ashenzari [******]
Gold:   901        SH: 10    Dex: 20      Spells: 11 memorised, 2 levels left

rFire  + . .     SeeInvis +     w - +3 quick blade (distort) (curse)
rCold  . . .     Clarity  +     p - +1 robe of Avyilaidu {rN+ Str+5 Dex+2} (curse)
rNeg   + + .     SustAb   .     c - +2 buckler {rN+} (curse)
rPois  .         Gourm    .     P - +1 hat
rElec  .         Spirit   .     E - +0 cloak {MR+} (curse)
rCorr  .         Warding  .     (gloves unavailable)
rMut   .         Stasis   .     (boots unavailable)
MR     +++..                    (no amulet)
Stlth  +++++++...               S - ring of invisibility
                                K - ring of protection from fire (curse)

@: icy armour, very quick, extremely resistant to hostile enchantments,
extremely stealthy
A: unfitting armour, hooves 1, see invisible, clever 1, deterioration 1,
herbivore 3, speed 3, slow metabolism 2, strong 1, evolution 1, MP-powered wands
a: Scrying, Transfer Knowledge, Renounce Religion, Evoke Invisibility


You were on level 3 of the Swamp.
You worshipped Ashenzari.
Ashenzari was exalted by your worship.
You were not hungry.

You visited 6 branches of the dungeon, and saw 32 of its levels.
You also visited: Bailey, Ice Cave and Volcano.

You collected 3248 gold pieces.
You spent 2347 gold pieces at shops.

Inventory:

Hand weapons
 w - a cursed +3 quick blade of distortion (weapon)
Armour
 c - a cursed +2 buckler of positive energy (worn)
 p - the cursed +1 robe of Avyilaidu (worn) {rN+ Str+5 Dex+2}
   (You found it on level 14 of the Dungeon)

   It affects your strength (+5).
   It affects your dexterity (+2).
   It protects you from negative energy.
   It has a curse placed upon it.
 A - a +0 buckler
 E - a cursed +0 cloak of magic resistance (worn)
 P - a +1 hat (worn)
Magical staves
 Y - an uncursed staff of wizardry
Jewellery
 a - an uncursed ring of protection from magic
 q - a +4 ring of protection
 t - an uncursed ring of protection from fire
 K - a cursed ring of protection from fire (left hand)
 S - a ring of invisibility (right hand)
Magical devices
 b - a wand of fireball (6)
 r - a wand of cold (6)
 v - a wand of heal wounds (4)
 D - a wand of digging (10)
 N - a wand of teleportation (5)
Scrolls
 m - 2 scrolls of remove curse
 o - a scroll of immolation
 s - 4 scrolls of fog
 u - a scroll of recharging
 x - a scroll of magic mapping
 y - 7 scrolls of noise
 J - 8 scrolls of teleportation
 Q - 15 scrolls of identify
 V - a scroll of blinking
Potions
 e - 4 potions of might
 h - 3 potions of brilliance
 i - 5 potions of magic
 j - a potion of resistance
 k - 5 potions of agility
 l - 17 potions of curing
 C - 3 potions of haste
 F - a potion of flight
 R - 2 potions of cancellation
 Z - 4 potions of heal wounds
Books
 f - a book of Transfigurations

   Spells                             Type                      Level
   a - Stoneskin                      Transmutation/Earth          2
   b - Irradiate                      Conjuration/Transmutation    5
   c - Statue Form                    Transmutation/Earth          6
   d - Hydra Form                     Transmutation                6
   e - Dragon Form                    Transmutation                7
 g - a Grand Grimoire {highlevel, unknown}

   This book is beyond your current level of understanding.

   Spells                             Type                      Level
   a - Aura of Abjuration             Summoning                    6
   b - Summon Greater Demon           Summoning                    7
   c - Malign Gateway                 Summoning/Translocation      7
   d - Summon Horrible Things         Summoning                    8
Comestibles
 d - 15 bread rations
 n - 3 fruits


   Skills:
 - Level 9.5 Fighting
 - Level 10.4(14.6) Short Blades
 + Level 15.5(18.1) Dodging
 - Level 12.8(15.4) Stealth
 * Level 4.1(6.9) Shields
 - Level 15.9 Spellcasting
 - Level 10.2 Hexes
 - Level 14.5 Charms
 + Level 8.7 Translocations
 + Level 6.9 Evocations


You had 2 spell levels left.
You knew the following spells:

 Your Spells              Type           Power        Failure   Level  Hunger
a - Spectral Weapon       Hex/Chrm       ######..     1%          3    None
b - Ensorcelled Hibernat  Hex/Ice        #####.       1%          2    None
c - Confuse               Hex            ######..     1%          3    None
d - Tukima's Dance        Hex            ######..     1%          3    None
e - Dazzling Spray        Conj/Hex       #####...     1%          3    None
f - Deflect Missiles      Chrm/Air       ######....   28%         6    ####...
g - Haste                 Chrm           ######..     1%          6    ####...
h - Control Teleport      Chrm/Tloc      ######....   1%          4    None
i - Warp Weapon           Chrm/Tloc      ######....   1%          5    ##.....
j - Phase Shift           Tloc           ######....   2%          5    ##.....
k - Ozocubu's Armour      Chrm/Ice       ######..     1%          3    None


Dungeon Overview and Level Annotations

Branches:
Dungeon (14/15)            Temple (1/1) D:4            Lair (8/8) D:8
  Swamp (3/4) Lair:6       Spider (0/4) Lair:3        Slime (0/6) Lair:8
    Orc (4/4) D:9             Elf (2/3) Orc:4
 Vaults: D:13-14

Altars:
Ashenzari
Cheibriados
Dithmenos
Elyvilon
Fedhas
Gozag
Kikubaaqudgha
Makhleb
Nemelex Xobeh
Okawaru
Qazlal
Ru
Sif Muna
Trog
Vehumet
Xom
Yredelemnul
Zin
The Shining One

Shops:
D:4 (   D:7 (   D:9 *   D:11 ([   D:13 [   Orc:4 }**:   Elf:2 (

Portals:
Trove: Elf:1 (lose all piety)

Annotations:
Lair:1 exclusion: door
Swamp:2 exclusion: oklob plant
Abyss:1 Donald, Josephine, Louise


Innate Abilities, Weirdness & Mutations

You are tiny and cannot use many weapons and most armour.
You have supernaturally acute eyesight.
You are a herbivore.
You cover ground extremely quickly.
You need consume almost no food.
You have large cloven feet.
Your mind is acute. (Int +2)
Your body is slowly deteriorating.
Your muscles are strong. (Str +2)
You evolve.
You expend magic power (3 MP) to strengthen your wands.


Message History

The thorn hunter disappears!
A bog body comes into view.
The bog body points at you and mumbles some strange words.
The bolt of cold hits you!
The swamp dragon roars!
You hit the bog body.
The bog body is devoured by a tear in reality.
The thorn hunter appears out of thin air!
Casting: Spectral Weapon
Confirm with . or Enter, or press ? or * to list all spells.
Aiming: Confuse
Press: ? - help, Shift-Dir - straight line, f - swamp dragon
Aim: a swamp dragon (chance 61%)
The swamp dragon resists with significant effort.
The briar patch crumbles away.
The thorn hunter hits you!!
* * * LOW HITPOINT WARNING * * *
The thorn hunter completely misses you.
The thorn hunter fires a volley of thorns at you.
The volley of thorns hits you!
You die...

≈≈≈≈≈..≈≈≈≈.............♣♣♣
≈≈§.≈≈≈§≈.<.........≈≈.♣♣
≈≈.≈≈≈..≈.♣...#...≈.≈≈≈♣***
≈≈.f≈≈≈..♣≈...#..≈..(♣♣♣*,*♣
≈..≈≈≈≈.♣≈≈...#.....♣♣*♣≈.≈♣
≈..≈≈≈..≈♣...#......♣♣♣≈..P♣
≈≈≈≈≈≈>.≈.......##P...(≈...♣*
≈≈≈≈≈≈....≈..#.§##§P###.....♣♣
≈≈,≈≈...≈.D≈...§@#.PP....♣≈≈.♣
≈,,,,♣♣≈[≈.≈≈...f(...##..♣..♣*
,,,,*≈..♣♣≈..≈PP........≈.≈.♣
≈,≈**≈,≈≈..≈≈≈≈≈P♣♣.....?♣≈♣*
******≈≈≈≈≈≈≈≈≈≈PP.≈...♣♣..≈♣
* *≈,.>.≈≈≈≈.PP≈≈♣♣♣♣,≈,♣♣
*******≈,...≈≈.≈..^♣♣* **≈,,*
**≈≈≈**≈≈≈[...)≈.≈≈..* **,**
*≈≈≈≈≈,≈≈≈....♣≈≈≈≈≈.♣** ***


You could see a thorn hunter, a swamp dragon and a friendly spectral quick blade
of distortion.

Vanquished Creatures
  2 thorn hunters (Swamp:2)
  Aizul (Swamp:1)
  A very ugly thing (Swamp:3)
  A dire elephant (Lair:8)
  Snorg (Lair:5)
  3 ogre magi (Orc:4)
  6 hydras
  Harold (Lair:2)
  A catoblepas (Lair:8)
  A ghost crab (Swamp:3)
  A dancing weapon (Elf:2)
  3 alligators
  A deep troll shaman (Lair:8)
  2 centaur warriors
  8 death yaks
  Urug (D:14)
  Sonja (Lair:2)
  Nergalle (Lair:2)
  3 skeletal warriors (D:14)
  2 spriggan druids
  2 swamp dragons (Swamp:2)
  2 deep elf summoners (Elf:1)
  A hill giant (D:13)
  Pikel (D:8)
  5 ugly things (D:12)
  A deep elf conjurer (Elf:2)
  A statue (Volcano)
  2 griffons
  5 elephants (Lair:8)
  5 black mambas
  2 cyclopes
  A yaktaur (Volcano)
  2 torpor snails (Lair:6)
  A kobold demonologist (D:13)
  A gargoyle (D:14)
  9 komodo dragons
  19 spiny frogs
  2 tengu conjurers (D:14)
  A jumping spider (Elf:2)
  2 deep elf priests
  2 trolls
  13 blink frogs
  7 giant leeches
  4 polar bears
  4 two-headed ogres (Orc:4)
  Grinder (D:3)
  Prince Ribbit (Lair:2)
  2 bog bodies
  6 ravens
  5 slime creatures
  3 spriggans
  A wyvern (Lair:4)
  2 redbacks
  3 trapdoor spiders
  Sigmund (D:5)
  5 wraiths
  2 shadows
  7 deep elf magi
  3 deep elf fighters
  58 yaks
  A hungry ghost (D:9)
  2 fire bats (Volcano)
  6 hippogriffs
  11 vampire mosquitoes
  4 basilisks
  A steam dragon (D:14)
  A warg (Orc:3)
  15 insubstantial wisps
  A mottled dragon (D:13)
  11 swamp worms
  9 wolves
  7 porcupines
  15 water moccasins
  A slave (D:8)
  11 orc warriors
  5 sky beasts
  6 swamp drakes
  2 black bears
  5 ice beasts
  2 wasps
  3 phantoms
  A necrophage (D:8)
  5 centaurs
  12 ogres
  8 crocodiles
  A big kobold (D:8)
  18 giant frogs
  6 scorpions
  The ghost of namelastname112 the Bolt Thrower, a weakling DrHu (D:3)
  A wyvern skeleton (D:13)
  7 killer bees
  An electric eel (Lair:4)
  6 centaur zombies
  8 crimson imps
  3 centaur skeletons
  A giant frog zombie (D:9)
  A quasit (D:6)
  8 jellies
  3 lava snakes (Volcano)
  Crazy Yiuf (D:2)
  Ijyb (D:2)
  7 hounds
  19 orc wizards
  3 giant frog skeletons
  11 iguanas
  12 orc priests
  Natasha (thrice) (D:2)
  2 hell rats (Lair:4)
  17 sheep
  10 worker ants
  A hound zombie (D:7)
  A hound skeleton (D:11)
  A worker ant zombie (D:5)
  Robin (D:4)
  13 adders
  10 gnolls
  59 river rats
  4 adder skeletons
  A worm (D:3)
  9 giant geckos
  107 orcs
  18 bats
  A bat skeleton (D:4)
  A bat zombie (D:7)
  5 giant cockroaches
  18 goblins
  29 hobgoblins
  15 jackals
  24 kobolds
  5 quokkas
  5 ball pythons
  10 giant newts
  A goblin skeleton (D:9)
  A goblin zombie (D:9)
  2 hobgoblin zombies (D:9)
  2 jackal zombies
  A kobold skeleton (D:9)
  A kobold zombie (D:9)
  An orc zombie (D:9)
  A quokka skeleton (D:5)
  A quokka zombie (D:4)
  12 rats
  2 fungi
895 creatures vanquished.

Vanquished Creatures (collateral kills)
  Nikola (Elf:1)
  Asterion (Elf:1)
  A deep elf demonologist (Elf:1)
  2 vault guards (D:14)
  An ogre mage (Orc:4)
  3 deep elf knights (Elf:2)
  A skeletal warrior (D:14)
  3 hill giants
  3 deep elf summoners
  2 orc knights
  A deep elf conjurer (Elf:1)
  10 two-headed ogres
  4 deep elf priests
  A troll (Orc:2)
  6 deep elf fighters
  Eustachio (D:6)
  12 orc warriors
  2 slaves (D:8)
  20 ogres
  6 orc priests
  An iron imp (D:9)
  Jessica (D:3)
  12 orc wizards
  7 gnolls
  A worker ant zombie (D:6)
  A shadow imp (D:6)
  An ufetubus (D:6)
  57 orcs
  8 hobgoblins
  4 kobolds
  4 goblins
  A goblin zombie (D:9)
  A rat (D:9)
180 creatures vanquished.

Vanquished Creatures (others)
  A deep elf high priest (Elf:1)
  8 dancing weapons
  5 spectral weapons
  A blue devil (Elf:1)
  2 bog bodies
  3 insubstantial wisps
  2 swamp worms
  A centaur (Volcano)
  A hell rat (Elf:1)
  2 fungi
  2 plants
28 creatures vanquished.

Grand Total: 1103 creatures vanquished

Notes
Turn   | Place    | Note
--------------------------------------------------------------
     0 | D:1      | oplop, the Spriggan Enchanter, began the quest for the Orb.
     0 | D:1      | Reached XP level 1. HP: 9/9 MP: 5/5
   578 | D:1      | Reached XP level 2. HP: 13/13 MP: 7/7
  1205 | D:2      | Reached XP level 3. HP: 13/16 MP: 8/8
  1414 | D:1      | Learned a level 2 spell: Ensorcelled Hibernation
  1418 | D:1      | Learned a level 3 spell: Confuse
  1635 | D:2      | Noticed Natasha
  1641 | D:2      | Killed Natasha
  1742 | D:2      | Noticed Natasha
  1746 | D:2      | Killed Natasha
  1746 | D:2      | Reached XP level 4. HP: 14/21 MP: 7/10
  1780 | D:2      | Noticed Ijyb
  1897 | D:2      | Killed Ijyb
  2004 | D:2      | Noticed Natasha
  2010 | D:2      | Killed Natasha
  2194 | D:2      | Noticed Crazy Yiuf
  2203 | D:2      | Killed Crazy Yiuf
  2203 | D:2      | Reached skill level 5 in Dodging
  2203 | D:2      | Reached XP level 5. HP: 10/24 MP: 0/12
  2373 | D:2      | Learned a level 3 spell: Tukima's Dance
  2557 | D:3      | Reached skill level 5 in Hexes
  2679 | D:3      | Noticed Grinder
  2703 | D:3      | Killed Grinder
  2703 | D:3      | Reached skill level 6 in Dodging
  2703 | D:3      | Reached skill level 5 in Spellcasting
  2703 | D:3      | Reached XP level 6. HP: 11/28 MP: 10/15
  2828 | D:3      | Noticed namelastname112's ghost (weakling DrHu)
  2842 | D:3      | Killed namelastname112's ghost
  3170 | D:3      | Reached XP level 7. HP: 25/32 MP: 9/16
  3215 | D:3      | Noticed Jessica
  3266 | D:3      | Killed Jessica
  3522 | D:3      | Found a shimmering altar of Xom.
  3523 | D:3      | Found an iron altar of Okawaru.
  3589 | D:4      | Reached skill level 7 in Dodging
  3591 | D:4      | Found a snail-covered altar of Cheibriados.
  3626 | D:4      | Found a stormy altar of Qazlal.
  3632 | D:4      | Learned a level 3 spell: Dazzling Spray
  3900 | D:4      | Noticed Robin
  3967 | D:4      | Killed Robin
  4015 | D:4      | Found a staircase to the Ecumenical Temple.
  4078 | Temple   | Entered the Ecumenical Temple
  4373 | D:4      | Found Onuno's Antique Weapon Emporium.
  4392 | D:4      | Bought a runed dagger for 64 gold pieces
  4480 | D:5      | Entered Level 5 of the Dungeon
  4694 | D:5      | Reached skill level 5 in Stealth
  4811 | D:5      | Noticed Sigmund
  4816 | D:5      | Killed Sigmund
  5040 | D:5      | Reached XP level 8. HP: 32/36 MP: 0/19
  6181 | D:6      | Reached skill level 8 in Stealth
  6189 | D:6      | Noticed Eustachio
  6201 | D:6      | Killed Eustachio
  6436 | D:6      | Found a bloodstained altar of Trog.
  6503 | D:7      | Reached XP level 9. HP: 39/39 MP: 8/22
  6897 | D:7      | Found Hirideor's Weapon Emporium.
  7057 | D:7      | Reached skill level 5 in Short Blades
  7057 | D:7      | Reached skill level 9 in Stealth
  7241 | D:8      | Found a staircase to the Lair.
  7246 | D:8      | Noticed Pikel
  8030 | D:8      | Killed Pikel
  8266 | D:8      | Learned a level 3 spell: Spectral Weapon
  8473 | D:8      | Reached XP level 10. HP: 36/44 MP: 21/24
  8741 | D:9      | Found Nirran's General Store.
  8756 | D:9      | Bought 3 scrolls of identify for 84 gold pieces
  8964 | D:9      | Found a glowing golden altar of the Shining One.
  9098 | D:9      | Found a shadowy altar of Dithmenos.
  9148 | D:9      | Found a staircase to the Orcish Mines.
  9223 | D:9      | Reached skill level 10 in Spellcasting
  9264 | D:9      | Found a snail-covered altar of Cheibriados.
  9267 | D:9      | Found a shattered altar of Ashenzari.
  9269 | D:9      | Found a blossoming altar of Fedhas.
  9294 | D:9      | Found a sparkling altar of Nemelex Xobeh.
  9296 | D:9      | Found a burning altar of Makhleb.
  9350 | D:10     | Entered Level 10 of the Dungeon
  9430 | D:10     | Reached skill level 10 in Hexes
 10051 | D:10     | Got an ancient jade ring
 10084 | D:10     | Lost strength.
 10084 | D:10     | Identified the ring "Zasok" {rC+ EV+2 Str-5 Dex+6} (You found it on level 10 of the Dungeon)
 10147 | D:10     | Reached skill level 1 in Fighting
 10294 | D:9      | Became a worshipper of Ashenzari the Shackled
 10345 | D:11     | Found Kikkaopp's Antique Armour Emporium.
 10563 | D:11     | Found an opulent altar of Gozag.
 10651 | D:11     | Found Ogare's Weapon Shoppe.
 10846 | D:11     | Reached skill level 1 in Charms
 11004 | D:11     | Noticed a cyclops
 11012 | D:11     | Killed a cyclops
 11020 | D:12     | Noticed a brown ugly thing
 11049 | D:12     | Killed a brown ugly thing
 11084 | D:12     | Noticed a green ugly thing
 11088 | D:12     | Killed a green ugly thing
 11088 | D:12     | Reached skill level 11 in Spellcasting
 11088 | D:12     | Reached XP level 11. HP: 47/51 MP: 20/27
 11166 | D:12     | Noticed a green ugly thing
 11169 | D:12     | Killed a green ugly thing
 11232 | D:12     | Found a flagged portal.
 11381 | Bailey   | Entered a bailey
 11865 | D:12     | Noticed a cyan ugly thing
 11885 | D:12     | Reached skill level 5 in Charms
 12252 | D:12     | Killed a cyan ugly thing
 12487 | D:12     | Noticed a brown ugly thing
 12497 | D:12     | Killed a brown ugly thing
 12858 | Lair:1   | Entered Level 1 of the Lair of Beasts
 12882 | Lair:1   | Found a frozen archway.
 12888 | Lair:1   | Reached skill level 12 in Spellcasting
 12900 | IceCv    | Entered an ice cave
 13109 | IceCv    | Noticed an ice statue
 13403 | Lair:1   | Found a deep blue altar of Sif Muna.
 13437 | Lair:1   | Acquired Ashenzari's first power
 13466 | Lair:1   | Reached skill level 5 in Fighting
 13815 | Lair:1   | Reached skill level 10 in Short Blades
 13815 | Lair:1   | Reached XP level 12. HP: 60/60 MP: 29/29
 14374 | Lair:2   | Noticed Harold
 14381 | Lair:2   | Killed Harold
 14397 | Lair:2   | Noticed Sonja
 14406 | Lair:2   | Killed Sonja
 14508 | Lair:2   | Noticed Nergalle
 14538 | Lair:2   | Killed Nergalle
 14710 | Lair:2   | Found a dark tunnel.
 14728 | Volcano  | Entered a volcano
 14795 | Volcano  | Noticed a centaur warrior
 14806 | Volcano  | Killed a centaur warrior
 14807 | Volcano  | Found a radiant altar of Vehumet.
 14825 | Volcano  | Reached skill level 13 in Spellcasting
 15029 | Lair:2   | Reached skill level 10 in Dodging
 15233 | Lair:2   | Noticed Prince Ribbit
 15257 | Lair:2   | Killed Prince Ribbit
 15440 | Lair:3   | Reached skill level 10 in Charms
 15442 | Lair:3   | Acquired Ashenzari's second power
 15800 | Lair:3   | Identified the ring "Boddujin" {Fire +Fly rElec rN+++ Str-5}
 15992 | Lair:3   | Found a hole to the Spider Nest.
 16508 | Lair:3   | Reached XP level 13. HP: 58/66 MP: 30/31
 17357 | Lair:4   | Acquired Ashenzari's third power
 17615 | Lair:4   | Reached skill level 14 in Spellcasting
 18514 | Lair:5   | Noticed Snorg
 18530 | Lair:5   | Killed Snorg
 19280 | Lair:6   | Found a staircase to the Swamp.
 19980 | Lair:6   | Identified a scroll of acquirement
 20019 | Lair:6   | Acquired Ashenzari's fourth power
 21397 | Lair:7   | Identified the +2 battleaxe of Satyriasis {flame, rElec rN++ MR+ Stlth-}
 21453 | Lair:5   | Learned a level 6 spell: Deflect Missiles
 21460 | Lair:5   | Learned a level 6 spell: Haste
 21516 | Lair:7   | Reached XP level 14. HP: 74/74 MP: 33/33
 22180 | Lair:7   | Gained mutation: You tend to lose your temper in combat. [potion of mutation]
 22180 | Lair:7   | Gained mutation: You expend magic power (3 MP) to strengthen your wands. [potion of mutation]
 22180 | Lair:7   | Lost mutation: You expend magic power (3 MP) to strengthen your wands. [potion of mutation]
 22202 | Lair:8   | Entered Level 8 of the Lair of Beasts
 22284 | Lair:8   | Found a staircase to the Slime Pits.
 22627 | Lair:8   | Reached skill level 10 in Stealth
 23204 | Lair:8   | Reached skill level 15 in Spellcasting
 24034 | D:13     | Found Attir's Armour Shop.
 24059 | D:13     | Bought a +1 hat for 198 gold pieces
 24942 | Orc:1    | Entered Level 1 of the Orcish Mines
 25356 | Orc:1    | Found an iron altar of Okawaru.
 25911 | Orc:4    | Entered Level 4 of the Orcish Mines
 26452 | Orc:4    | Found Xoki Emo's Book Emporium.
 26452 | Orc:4    | Found Ulicazas's General Store.
 26453 | Orc:4    | Found Dutipton's General Store.
 26453 | Orc:4    | Found Doteppeonn's Gadget Shoppe.
 26462 | Orc:4    | Bought a scroll of brand weapon for 260 gold pieces
 26462 | Orc:4    | Bought a potion of mutation for 32 gold pieces
 26464 | Orc:4    | Gained mutation: You expend magic power (3 MP) to strengthen your wands. [potion of mutation]
 26464 | Orc:4    | Gained mutation: Armour fits poorly on your strangely shaped body. [potion of mutation]
 26464 | Orc:4    | Gained mutation: Your body is slowly deteriorating. [potion of mutation]
 26465 | Orc:4    | Lost mutation: Armour fits poorly on your strangely shaped body. [potion of cure mutation]
 26465 | Orc:4    | Lost mutation: You tend to lose your temper in combat. [potion of cure mutation]
 26465 | Orc:4    | Lost mutation: Your body is slowly deteriorating. [potion of cure mutation]
 26467 | Orc:4    | Found a staircase to the Elven Halls.
 26491 | Orc:4    | Bought a potion of mutation for 35 gold pieces
 26491 | Orc:4    | Bought a +4 ring of protection for 504 gold pieces
 26491 | Orc:4    | Gained mutation: Your mind is acute. (Int +2) [potion of mutation]
 26491 | Orc:4    | Gained mutation: Your muscles are strong. (Str +2) [potion of mutation]
 26491 | Orc:4    | Gained mutation: Your body is slowly deteriorating. [potion of mutation]
 27857 | D:9      | Learned a level 5 spell: Excruciating Wounds
 27913 | Orc:4    | Bought a book of the Warp for 1170 gold pieces
 27919 | Orc:4    | Learned a level 5 spell: Warp Weapon
 27977 | D:9      | Learned a level 4 spell: Control Teleport
 27983 | D:9      | Learned a level 5 spell: Phase Shift
 28098 | D:14     | Reached skill level 1 in Translocations
 28601 | D:14     | Noticed Urug
 28609 | D:14     | Killed Urug
 28734 | D:14     | Got the cursed robe of Avyilaidu {rN+ Str+5 Dex+2}
 28908 | D:14     | Reached XP level 15. HP: 79/79 MP: 25/35
 29471 | Swamp:1  | Entered Level 1 of the Swamp
 29617 | Swamp:1  | Gained mutation: You have large cloven feet. [potion of mutation]
 29617 | Swamp:1  | Gained mutation: You evolve. [potion of mutation]
 29737 | Swamp:1  | Noticed Josephine
 29749 | Swamp:1  | Noticed Aizul
 30341 | Elf:1    | Entered Level 1 of the Elven Halls
 30434 | Elf:1    | Noticed Nikola
 30562 | Elf:1    | Reached skill level 1 in Evocations
 30634 | Elf:1    | Noticed Asterion
 30738 | Elf:1    | Killed Asterion
 30892 | Elf:1    | Found a portal to a secret trove of treasure.
 31088 | Elf:1    | Killed Nikola
 31088 | Elf:1    | Reached skill level 5 in Translocations
 31715 | Elf:2    | Learned a level 3 spell: Ozocubu's Armour
 31798 | Elf:2    | Found a runed gate.
 31798 | Elf:2    | Found a runed gate.
 31798 | Elf:2    | Found a runed gate.
 31890 | Elf:2    | Found Jefac's Weapon Shop.
 32327 | Elf:2    | Identified the cursed +1 robe of Avyilaidu {rN+ Str+5 Dex+2} (You found it on level 14 of the Dungeon)
 32329 | Elf:2    | Identified the +1 leather armour "Gubeh" {rF+ Stlth+}
 32329 | Elf:2    | Identified the +9 plate armour "Vossicre" {rPois}
 32329 | Elf:2    | Identified the +2 chain mail of Elodouc {Stlth+} (You found it on level 1 of the Swamp)
 32950 | Swamp:1  | Identified the +2 chain mail of Elodouc {Stlth+} (You found it on level 1 of the Swamp)
 32959 | Swamp:1  | Banished Josephine
 33228 | Swamp:1  | Reached skill level 1 in Shields
 33490 | Swamp:1  | Reached skill level 5 in Evocations
 33561 | Swamp:1  | Noticed Louise
 33595 | Swamp:1  | Banished Louise
 33595 | Swamp:1  | Reached skill level 15 in Dodging
 33611 | Swamp:1  | Noticed Donald
 33620 | Swamp:1  | Banished Donald
 33692 | Swamp:1  | Killed Aizul
 34069 | Swamp:2  | Identified the cursed +1 robe of Satisfaction {MR+ Str+4 Int-2 Dex+2}
 34332 | Swamp:2  | Noticed a thorn hunter
 34370 | Swamp:2  | Killed a thorn hunter
 34534 | Swamp:2  | Noticed a thorn hunter
 34539 | Swamp:2  | Killed a thorn hunter
 35314 | Swamp:3  | Noticed a thorn hunter
 35466 | Swamp:3  | Noticed a thorn hunter
 35505 | Swamp:3  | Killed from afar by a thorn hunter

Action                   |  1- 3 |  4- 6 |  7- 9 | 10-12 | 13-15 || total
-------------------------+-------+-------+-------+-------+-------++-------
Melee: Dagger            |   129 |    91 |   479 |   729 |  1462 ||  2890
       Quick blade       |       |       |       |       |   424 ||   424
Throw: Stone             |       |     3 |       |       |     8 ||    11
 Cast: Corona            |     5 |       |       |       |       ||     5
       Ensorcelled Hiber |     9 |     8 |    59 |    47 |    98 ||   221
       Confuse           |       |    12 |    46 |    43 |    56 ||   157
       Tukima's Dance    |       |     6 |    43 |    22 |   132 ||   203
       Dazzling Spray    |       |       |     5 |    48 |   100 ||   153
       Spectral Weapon   |       |       |     2 |    20 |    60 ||    82
       Warp Weapon       |       |       |       |       |    21 ||    21
       Deflect Missiles  |       |       |       |       |     3 ||     3
       Ozocubu's Armour  |       |       |       |       |    11 ||    11
       Phase Shift       |       |       |       |       |    10 ||    10
       Haste             |       |       |       |       |     2 ||     2
       Control Teleport  |       |       |       |       |     1 ||     1
Invok: Scrying           |       |       |       |       |     1 ||     1
Evoke: Wand              |       |       |       |     2 |     3 ||     5
  Use: Scroll            |       |       |    19 |    10 |    17 ||    46
       Potion            |       |       |       |     1 |    10 ||    11
 Stab: Distracted        |     2 |       |     4 |     8 |    26 ||    40
       Sleeping          |    13 |    13 |    56 |    66 |   109 ||   257
       Confused          |       |     9 |    25 |    32 |    26 ||    92
       Invisible         |       |       |     1 |    21 |    32 ||    54
       Fleeing           |       |       |       |       |     1 ||     1
  Eat: Royal jelly       |       |     1 |       |     2 |     1 ||     4
       Bread ration      |       |       |     1 |       |     1 ||     2
       Pizza             |       |       |     1 |       |     2 ||     3
       Fruit             |       |       |       |     6 |     7 ||    13
